[Event "Titled Tuesday Blitz November 14 Early 2023"]
[White "Pumpkin_in_moonlight"]
[Black "Ron_Weasley_Chess"]
[WhiteElo "2303"]
[BlackElo "2392"]
[Result "0-1"]
[Round "10"]
[TimeControl "180+1"]
[Date "2023.11.14"]
[WhiteClock "0:00:00"]
[BlackClock "0:00:07"]
[Board "126"]

1. e4 c6 2. Nc3 d5 3. Nf3 dxe4 4. Nxe4 Nf6 5. Qe2 Nxe4 6. Qxe4 Qa5 7. b4 Qf5 8. Qxf5 Bxf5 9. Nd4 Bg6 10. d3 e5 11. Nf3 Bxb4+ 12. Bd2 Bxd2+ 13. Kxd2 f6 14. Rb1 b6 15. h4 O-O 16. h5 Bf7 17. Nh4 Be6 18. Be2 Rd8 19. Bf3 Bxa2 20. Rb2 Bd5 21. Bxd5+ cxd5 22. Nf5 Nc6 23. Rh4 Kf7 24. Rg4 g5 25. g3 Ke6 26. Ng7+ Kf7 27. Nf5 Ne7 28. Nxe7 Kxe7 29. f4 h6 30. fxe5 fxe5 31. Ra4 Rf8 32. Ke2 Rf6 33. Rb5 Rc6 34. Kd2 Ke6 35. c4 dxc4 36. dxc4 a6 37. Rb3 Kf5 38. Ke3 g4 39. Rab4 Rb8 40. Ra4 b5 41. cxb5 axb5 42. Rab4 Rc5 43. Re4 b4 44. Rexb4 Rxb4 45. Rxb4 Kg5 46. Rb8 Rc3+ 47. Kf2 Kxh5 48. Rg8 Rf3+ 49. Kg2 e4 50. Re8 e3 51. Re5+ Kg6 52. Re4 h5 53. Re5 Kf6 54. Re8 Kf5 55. Re7 Rf2+ 56. Kg1 Re2 57. Kf1 Rf2+ 58. Kg1 Rf3 59. Kg2 Kf6 60. Re8 Kg6 61. Re7 Kg5 62. Re8 h4 63. gxh4+ Kxh4 64. Rh8+ Kg5 65. Re8 Kf4 66. Rf8+ Ke4 67. Rg8 Rf4 68. Re8+ Kd3 0-1


[Site "https://www.chess.com"]

[Event "Titled Tuesday Blitz November 14 Early 2023"]
[White "Larina, Maria"]
[Black "MarijaKuznecova"]
[WhiteFideId "24113182"]
[WhiteElo "2287"]
[BlackElo "2370"]
[Result "0-1"]
[Round "10"]
[TimeControl "180+1"]
[Date "2023.11.14"]
[WhiteClock "0:00:02"]
[BlackClock "0:00:42"]
[Board "127"]

1. e4 c5 2. Nc3 d6 3. d4 cxd4 4. Qxd4 Nc6 5. Qd2 g6 6. b3 Bh6 7. f4 Nf6 8. Bb2 O-O 9. Nge2 e5 10. g3 Re8 11. Bg2 Qe7 12. O-O-O Bg4 13. Qxd6 exf4 14. gxf4 Bxe2 15. Nxe2 Nxe4 16. Bxe4 Qxd6 17. Rxd6 Rxe4 18. Rd2 Rae8 19. Ng3 Rxf4 20. Kb1 Bg7 21. Rd7 Re7 22. Rhd1 Rxd7 23. Rxd7 Rf2 24. Rxb7 Rxh2 25. Bxg7 Kxg7 26. Rc7 Nd4 27. Ne4 h5 28. Ng5 Rf2 29. Rc4 Nf5 30. Rc7 Nh6 31. Rxa7 h4 32. c4 Rg2 33. Nh3 Rg3 34. Nf2 Rf3 35. Ne4 h3 36. Ng5 Rf1+ 37. Kc2 h2 38. Ne6+ Kf6 39. Nd4 h1=Q 40. Ra6+ Kg7 0-1


[Site "https://www.chess.com"]

[Event "Titled Tuesday Blitz November 14 Early 2023"]
[White "Matveeva, Olga"]
[Black "Skibbe, Willi"]
[WhiteFideId "24107018"]
[BlackFideId "4682190"]
[WhiteElo "2366"]
[BlackElo "2245"]
[Result "1-0"]
[Round "10"]
[TimeControl "180+1"]
[Date "2023.11.14"]
[WhiteClock "0:00:16"]
[BlackClock "0:00:03"]
[Board "128"]

1. d4 d5 2. c4 e6 3. Nf3 Nf6 4. g3 Be7 5. Bg2 O-O 6. O-O c6 7. Qc2 b6 8. Nbd2 c5 9. cxd5 exd5 10. Ne5 Bb7 11. dxc5 bxc5 12. b3 Nbd7 13. Nxd7 Qxd7 14. Bb2 Rac8 15. Rfd1 Qe6 16. e3 Rfd8 17. Rac1 Ba6 18. Nf3 Ne4 19. Ne5 Bf6 20. Nd3 Bxb2 21. Qxb2 c4 22. Nf4 Qc6 23. bxc4 Bxc4 24. Qd4 Nf6 25. h4 Qb6 26. Qa1 Qa5 27. a3 Rb8 28. h5 h6 29. Rd4 Rb3 30. a4 Rb4 31. Rcd1 Rxa4 32. Qb2 Rb4 33. Qc3 Rb5 34. Qxa5 Rxa5 35. Rxc4 g5 36. Ne2 Rb8 37. Rc7 Rb2 38. Nd4 Raa2 39. Rf1 Ng4 40. Nf5 Nxf2 41. Ne7+ Kf8 42. Nxd5 Ke8 43. Nf6+ Kd8 44. Rd7+ Kc8 45. Rc1+ Kb8 46. Rd8# 1-0


[Site "https://www.chess.com"]

[Event "Titled Tuesday Blitz November 14 Early 2023"]
[White "Dmitrenko, Viktor"]
[Black "Kuchava, Ana"]
[WhiteFideId "14110270"]
[BlackFideId "13605348"]
[WhiteElo "2361"]
[BlackElo "2243"]
[Result "1-0"]
[Round "10"]
[TimeControl "180+1"]
[Date "2023.11.14"]
[WhiteClock "0:00:07"]
[BlackClock "0:00:08"]
[Board "129"]

1. e4 c5 2. Nf3 d6 3. Bb5+ Bd7 4. Bxd7+ Qxd7 5. O-O Nc6 6. d3 Nf6 7. Bg5 g6 8. Bxf6 exf6 9. Nc3 Bg7 10. Nd5 O-O 11. c3 f5 12. Re1 fxe4 13. dxe4 Rfe8 14. h3 Rad8 15. Qd2 b5 16. a4 a6 17. axb5 axb5 18. Qd3 c4 19. Qc2 Qb7 20. b3 cxb3 21. Qxb3 b4 22. Rab1 Rb8 23. cxb4 Nd4 24. Nxd4 Bxd4 25. b5 Bg7 26. b6 Kh8 27. Rec1 Rec8 28. Rc7 Qa6 29. Rxc8+ Qxc8 30. b7 Qc5 31. Qb6 Bd4 32. Qc7 Bxf2+ 33. Kh1 Qxc7 34. Nxc7 Bg3 35. Na6 Rxb7 36. Rxb7 Kg7 37. Rd7 h5 38. Nb8 Be5 39. Nc6 Bf4 40. Nd4 Kf6 41. Ra7 Be5 42. Ra4 Kg5 43. Kg1 Kf6 44. Kf2 Bf4 45. Kf3 Be5 46. Ne2 g5 47. g4 hxg4+ 48. hxg4 Kg6 49. Ra7 Kf6 50. Ra4 Kg6 51. Nd4 Kf6 52. Nf5 Ke6 53. Ra6 Bf4 54. Ke2 Be5 55. Kd3 Bf4 56. Ra7 Be5 57. Re7+ Kf6 58. Re8 Bf4 59. Kc4 Be5 60. Kd5 Bf4 61. Nxd6 Kg7 62. e5 Be3 63. Re7 Kg6 64. Rxf7 Bf4 65. Rf5 Bg3 66. e6 1-0


[Site "https://www.chess.com"]

[Event "Titled Tuesday Blitz November 14 Early 2023"]
[White "Garrido, Denis"]
[Black "Limontaite, Simona"]
[WhiteFideId "601217"]
[BlackFideId "12802506"]
[WhiteElo "2349"]
[BlackElo "2242"]
[Result "1-0"]
[Round "10"]
[TimeControl "180+1"]
[Date "2023.11.14"]
[WhiteClock "0:02:07"]
[BlackClock "0:01:45"]
[Board "130"]

1. e4 d6 2. d4 g6 3. c4 Bg7 4. Nc3 e6 5. h4 h6 6. h5 g5 7. f4 gxf4 8. Bxf4 Nf6 9. Nf3 Nbd7 10. Bd3 c6 11. Qe2 Qe7 12. e5 dxe5 13. dxe5 Ng4 14. O-O-O Nc5 15. Bc2 Bd7 16. Rh4 f5 17. exf6 Nxf6 18. Bg6+ Kd8 19. Bd6 1-0


[Site "https://www.chess.com"]

[Event "Titled Tuesday Blitz November 14 Early 2023"]
[White "thisjuan"]
[Black "Jakubowska, Anna"]
[BlackFideId "1121952"]
[WhiteElo "2199"]
[BlackElo "2342"]
[Result "0-1"]
[Round "10"]
[TimeControl "180+1"]
[Date "2023.11.14"]
[WhiteClock "0:00:11"]
[BlackClock "0:01:26"]
[Board "131"]

1. c4 f5 2. g3 Nf6 3. Bg2 g6 4. Nc3 Bg7 5. d3 O-O 6. e4 d6 7. Nge2 e5 8. O-O f4 9. gxf4 exf4 10. Bxf4 Nc6 11. Bg3 Bg4 12. f3 Be6 13. Qd2 Qd7 14. b3 Nh5 15. d4 Bh3 16. Rad1 Rf7 17. Nd5 Bxg2 18. Kxg2 Raf8 19. Qg5 Nd8 20. Qg4 Qe8 21. Nef4 c6 22. Ne3 Nxf4+ 23. Bxf4 Rxf4 24. Qg3 Ne6 25. Ng4 Nxd4 26. e5 dxe5 0-1


[Site "https://www.chess.com"]

[Event "Titled Tuesday Blitz November 14 Early 2023"]
[White "IsaqueGoncalvesSanto"]
[Black "MIss_MIaMI"]
[WhiteElo "1919"]
[BlackElo "2341"]
[Result "0-1"]
[Round "10"]
[TimeControl "180+1"]
[Date "2023.11.14"]
[WhiteClock "0:00:00"]
[BlackClock "0:00:18"]
[Board "132"]

1. d4 c5 2. d5 g6 3. c4 Bg7 4. Nc3 Bxc3+ 5. bxc3 Qa5 6. Bd2 f5 7. f3 Nf6 8. e3 e5 9. Bd3 d6 10. Ne2 O-O 11. Ng3 Bd7 12. e4 f4 13. Ne2 Ba4 14. Bc2 Bd7 15. Qb1 Qa6 16. Qb3 b6 17. O-O g5 18. g4 Nxg4 19. fxg4 Bxg4 20. Rf2 Rf6 21. Qb5 Qc8 22. Ba4 Bd7 23. Qb3 Rg6 24. Kh1 Bh3 25. Rg1 Nd7 26. Bc6 Rb8 27. Qa4 a5 28. Qc2 Nf6 29. Bc1 Qf8 30. Rf3 Bg4 31. Rf2 Qh6 32. Qd2 Nxe4 33. Qe1 Nxf2+ 34. Qxf2 Bf5 35. Bd2 Be4+ 36. Rg2 f3 37. Rg4 Bf5 38. Rg3 e4 39. Ng1 Rf8 40. Be3 Qh4 41. Bb5 g4 0-1


[Site "https://www.chess.com"]

[Event "Titled Tuesday Blitz November 14 Early 2023"]
[White "Dahlgren, James Allen"]
[Black "KorolDimitriy75"]
[WhiteFideId "22256873"]
[WhiteElo "2157"]
[BlackElo "2337"]
[Result "0-1"]
[Round "10"]
[TimeControl "180+1"]
[Date "2023.11.14"]
[WhiteClock "0:01:39"]
[BlackClock "0:01:45"]
[Board "133"]

1. e4 c5 2. Nc3 g6 3. f4 Bg7 4. Nf3 Nc6 5. Bc4 e6 6. d3 Nge7 7. Bb3 Nd4 8. Nxd4 cxd4 9. Ne2 d5 10. O-O dxe4 11. dxe4 O-O 12. Kh1 b6 13. e5 Ba6 14. c4 dxc3 15. bxc3 Qxd1 16. Bxd1 Rfd8 17. Re1 Rxd1 18. Rxd1 Bxe2 19. Rd7 Nd5 20. Ba3 Bb5 21. Rc1 Bxd7 0-1


[Site "https://www.chess.com"]

[Event "Titled Tuesday Blitz November 14 Early 2023"]
[White "Grossboss19"]
[Black "Cardozo Munar, Carlos Eduardo"]
[BlackFideId "4409477"]
[WhiteElo "2471"]
[BlackElo "2262"]
[Result "0-1"]
[Round "10"]
[TimeControl "180+1"]
[Date "2023.11.14"]
[WhiteClock "0:00:01"]
[BlackClock "0:00:48"]
[Board "134"]

1. f4 d5 2. Nf3 h6 3. g3 Nf6 4. Bg2 g5 5. e3 Nc6 6. c3 Qd6 7. d4 Bg4 8. O-O gxf4 9. exf4 h5 10. Qa4 Bxf3 11. Bxf3 h4 12. g4 h3 13. Kh1 O-O-O 14. Na3 Ne4 15. Nb5 Qg6 16. Nxa7+ Nxa7 17. Qxa7 Qc6 18. Be3 e6 19. Rac1 f5 20. g5 Bd6 21. b3 Rh4 22. c4 Bxf4 23. cxd5 Qxd5 24. Bxf4 Rxf4 25. Rc5 Nxc5 26. Qa8+ Kd7 27. Bxd5 Rxf1# 0-1


[Site "https://www.chess.com"]

[Event "Titled Tuesday Blitz November 14 Early 2023"]
[White "Friedland, Moshe"]
[Black "LangesNasenhaar"]
[WhiteFideId "2812843"]
[WhiteElo "2311"]
[BlackElo "2415"]
[Result "1-0"]
[Round "10"]
[TimeControl "180+1"]
[Date "2023.11.14"]
[WhiteClock "0:00:19"]
[BlackClock "0:00:09"]
[Board "135"]

1. a3 g6 2. Nf3 Bg7 3. d4 d6 4. c3 e5 5. dxe5 dxe5 6. Qxd8+ Kxd8 7. e4 f6 8. Be3 Be6 9. Nbd2 Nh6 10. h3 Nf7 11. O-O-O c6 12. Bc4 Bxc4 13. Nxc4+ Kc7 14. Bc5 Nd7 15. Bd6+ Nxd6 16. Nxd6 Nc5 17. b4 Na4 18. Kc2 Rhd8 19. Nc4 Bh6 20. Kb3 Nb6 21. Na5 Nd7 22. h4 Nf8 23. h5 g5 24. Nh2 Ne6 25. Ng4 Bg7 26. h6 Bh8 27. g3 b5 28. Ne3 Nf8 29. Nf5 Ne6 30. Ne7 Rxd1 31. Rxd1 Nd8 32. Nf5 Rc8 33. Rd6 Rb8 34. Rd3 Rc8 35. c4 a6 36. c5 Ne6 37. Rd6 Nd8 38. Ne7 Rb8 39. Nexc6 Nxc6 40. Rxc6+ Kd7 41. Rxa6 f5 42. exf5 e4 43. Rd6+ Ke7 44. Nc6+ 1-0


[Site "https://www.chess.com"]

[Event "Titled Tuesday Blitz November 14 Early 2023"]
[White "missponyo10"]
[Black "Jarocka, Liwia"]
[BlackFideId "21807558"]
[WhiteElo "2136"]
[BlackElo "2351"]
[Result "1-0"]
[Round "10"]
[TimeControl "180+1"]
[Date "2023.11.14"]
[WhiteClock "0:00:39"]
[BlackClock "0:00:19"]
[Board "136"]

1. e4 d6 2. d4 g6 3. f4 Bg7 4. Nf3 Nf6 5. Bd3 O-O 6. O-O Nfd7 7. Kh1 c5 8. d5 a6 9. f5 b5 10. c3 c4 11. Bc2 Nc5 12. Qe1 Nbd7 13. Qh4 Nf6 14. Bh6 Rb8 15. Ng5 gxf5 16. Bxg7 Kxg7 17. Rf3 h6 18. Rg3 Ng4 19. exf5 Rh8 20. Rxg4 Kf8 21. Qh5 Qe8 22. Na3 Bb7 23. Rf1 Bxd5 24. Ne6+ Nxe6 25. fxe6 Bxe6 26. Rgf4 f6 27. Bg6 Qd8 28. Nc2 Bd5 29. Nd4 Rg8 30. Qxd5 Rxg6 31. Ne6+ Ke8 32. Nxd8 Kxd8 1-0


[Site "https://www.chess.com"]

[Event "Titled Tuesday Blitz November 14 Early 2023"]
[White "Babayeva, Nasrin"]
[Black "Kornyukov, Alexey"]
[WhiteFideId "13416626"]
[BlackFideId "4150457"]
[WhiteElo "1851"]
[BlackElo "2320"]
[Result "0-1"]
[Round "10"]
[TimeControl "180+1"]
[Date "2023.11.14"]
[WhiteClock "0:00:00"]
[BlackClock "0:01:04"]
[Board "137"]

1. d4 Nf6 2. c4 e6 3. e3 d5 4. Nf3 Bb4+ 5. Nbd2 O-O 6. a3 Bxd2+ 7. Bxd2 c6 8. b4 dxc4 9. Bxc4 b5 10. Bd3 Nbd7 11. Qc2 Bb7 12. O-O Nb6 13. Ne5 Rc8 14. Be2 Nfd7 15. Nd3 Nc4 16. Bc3 Ndb6 17. Nc5 Qe7 18. Bf3 Ba8 19. a4 Nxa4 20. Nxa4 bxa4 21. Rxa4 Nb6 22. Ra2 Nd5 23. Qb3 Rc7 24. Rfa1 Rb8 25. Bxd5 cxd5 26. b5 Rcb7 27. Ra5 h6 28. Bb4 Qc7 29. Bc5 Qd7 30. Rxa7 Rxb5 31. Rxd7 Rxb3 0-1


[Site "https://www.chess.com"]

[Event "Titled Tuesday Blitz November 14 Early 2023"]
[White "Balla, Tamas-Kristof"]
[Black "vovasev"]
[WhiteFideId "1208497"]
[WhiteElo "2388"]
[BlackElo "2120"]
[Result "1-0"]
[Round "10"]
[TimeControl "180+1"]
[Date "2023.11.14"]
[WhiteClock "0:02:46"]
[BlackClock "0:02:29"]
[Board "138"]

1. e4 c5 2. c3 d6 3. d4 Nf6 4. Bd3 e6 5. Nf3 Be7 6. O-O O-O 7. Bg5 cxd4 8. cxd4 Nc6 9. Nc3 h6 10. Bh4 Nh5 11. Bxe7 Qxe7 12. d5 Ne5 13. Nxe5 dxe5 14. Qxh5 exd5 15. exd5 1-0


[Site "https://www.chess.com"]

[Event "Titled Tuesday Blitz November 14 Early 2023"]
[White "Feliz Dotel, Dewar Bienvenido"]
[Black "Todev, Simeon"]
[WhiteFideId "6402801"]
[BlackFideId "2925133"]
[WhiteElo "2150"]
[BlackElo "2336"]
[Result "0-1"]
[Round "10"]
[TimeControl "180+1"]
[Date "2023.11.14"]
[WhiteClock "0:00:00"]
[BlackClock "0:00:11"]
[Board "139"]

1. d4 g6 2. e3 Bg7 3. Nf3 d6 4. Be2 Nf6 5. b4 O-O 6. Bb2 Nbd7 7. c4 b6 8. Nc3 Bb7 9. O-O e5 10. a4 Re8 11. Qb3 exd4 12. Nxd4 c5 13. Ndb5 Ne5 14. Rad1 Re6 15. a5 Bc6 16. axb6 axb6 17. bxc5 bxc5 18. Ra1 Rb8 19. Ra6 Qc8 20. Rfa1 Ne8 21. Qc2 Rf6 22. Na7 Qb7 23. Nxc6 Nxc6 24. Nb5 Nb4 25. Bf3 Rxf3 26. gxf3 Nxc2 27. R1a4 Qxf3 28. Bxg7 Ne1 29. Kf1 Nc2 30. Bh6 Qd1+ 31. Kg2 Ne1+ 32. Kg1 Nd3+ 33. Kg2 Qg4+ 34. Kf1 Qf3 35. Ra2 Nf6 36. Ra8 Rxa8 37. Rxa8+ Qxa8 38. Ke2 Nc1+ 39. Kd1 Qg2 40. Kxc1 Qxf2 41. Bf4 Ng4 42. Nxd6 Qg2 43. Kb1 Nf2 0-1


[Site "https://www.chess.com"]

[Event "Titled Tuesday Blitz November 14 Early 2023"]
[White "DonCiao"]
[Black "campochess"]
[WhiteElo "2125"]
[BlackElo "2184"]
[Result "0-1"]
[Round "10"]
[TimeControl "180+1"]
[Date "2023.11.14"]
[WhiteClock "0:00:00"]
[BlackClock "0:02:10"]
[Board "140"]

1. c4 e6 2. g3 d5 3. Bg2 c6 4. Nf3 Nf6 5. b3 Nbd7 6. O-O Be7 7. Bb2 O-O 8. d3 b5 9. Qc2 bxc4 10. bxc4 Rb8 11. Nbd2 Ng4 12. h3 Bf6 13. Nd4 Rxb2 14. Qxb2 c5 15. hxg4 Bxd4 16. Qb3 Bxa1 17. Rxa1 Nb6 18. cxd5 exd5 19. Rc1 Bxg4 20. f3 c4 21. dxc4 dxc4 22. Qc3 Be6 23. e4 Na4 24. Qb4 Qd4+ 25. Kh2 Nb6 0-1


[Site "https://www.chess.com"]

[Event "Titled Tuesday Blitz November 14 Early 2023"]
[White "Fernandez Hernandez, Gerardo"]
[Black "Semenova, Alina"]
[WhiteFideId "2207400"]
[BlackFideId "24113875"]
[WhiteElo "2111"]
[BlackElo "2171"]
[Result "0-1"]
[Round "10"]
[TimeControl "180+1"]
[Date "2023.11.14"]
[WhiteClock "0:00:15"]
[BlackClock "0:00:07"]
[Board "141"]

1. e4 e6 2. d3 d5 3. Qe2 Nf6 4. Nf3 c5 5. g3 Nc6 6. Bg2 Be7 7. O-O O-O 8. e5 Nd7 9. c4 dxc4 10. dxc4 Qc7 11. Bf4 Rd8 12. Nc3 a6 13. Rad1 h6 14. h4 b6 15. Nd5 Qa7 16. Nxe7+ Nxe7 17. g4 Bb7 18. Nd2 Bxg2 19. Kxg2 Qb7+ 20. f3 Nf8 21. h5 Nc6 22. Ne4 Nd4 23. Qf2 Qe7 24. Nd6 f6 25. exf6 gxf6 26. Ne4 Kg7 27. Qe3 e5 28. Bxh6+ Kh7 29. Ng3 Nfe6 30. Qe4+ Kxh6 31. Kh2 Qh7 32. Nf5+ Nxf5 33. gxf5 Ng5 34. Qe3 Qc7 35. Rg1 Rd4 36. Kh1 Rh4+ 37. Kg2 Rg8 38. Kf1 Rd8 39. Ke2 Rxd1 40. Rxd1 Rd4 41. Ke1 Rxd1+ 42. Kxd1 Qd6+ 43. Ke2 Qd4 44. Kf2 Qxe3+ 45. Kxe3 Kxh5 46. f4 exf4+ 47. Kxf4 Kh4 48. b3 a5 49. a4 Kh3 50. Ke3 Kg4 51. Kd3 Kxf5 52. Ke3 Ke5 53. Kf2 f5 54. Ke3 f4+ 55. Kf2 Ke4 56. Ke2 f3+ 57. Kd2 Nh3 58. Ke1 f2+ 59. Kf1 Ke3 60. b4 axb4 61. a5 bxa5 62. Kg2 Ke2 63. Kxh3 f1=Q+ 64. Kg3 0-1


[Site "https://www.chess.com"]

[Event "Titled Tuesday Blitz November 14 Early 2023"]
[White "Novikova, Anna"]
[Black "Politov, Pavel Y."]
[WhiteFideId "4146794"]
[BlackFideId "24110515"]
[WhiteElo "2165"]
[BlackElo "2098"]
[Result "0-1"]
[Round "10"]
[TimeControl "180+1"]
[Date "2023.11.14"]
[WhiteClock "0:00:05"]
[BlackClock "0:01:12"]
[Board "142"]

1. e4 c5 2. Nf3 d6 3. d4 cxd4 4. Nxd4 Nf6 5. Nc3 a6 6. Bg5 e6 7. f4 h6 8. Bh4 Qb6 9. Qd2 Qxb2 10. Rb1 Qa3 11. Rb3 Qa5 12. Bxf6 gxf6 13. Bd3 Nd7 14. O-O Qc5 15. Qe3 h5 16. Re1 Bh6 17. Nce2 e5 18. Rc3 exd4 19. Rxc5 dxe3 20. Rxh5 Nc5 21. Ng3 Nxd3 22. cxd3 Bg4 23. Rh4 Be6 24. f5 Bxa2 25. Rxe3 Bxe3+ 0-1


[Site "https://www.chess.com"]

[Event "Titled Tuesday Blitz November 14 Early 2023"]
[White "Ismayilova, Khanim"]
[Black "Winkels, Marcel"]
[WhiteFideId "13429019"]
[BlackFideId "1003887"]
[WhiteElo "2152"]
[BlackElo "2067"]
[Result "1-0"]
[Round "10"]
[TimeControl "180+1"]
[Date "2023.11.14"]
[WhiteClock "0:00:20"]
[BlackClock "0:00:04"]
[Board "143"]

1. e4 c5 2. c3 Nf6 3. e5 Nd5 4. d4 cxd4 5. Nf3 Nc6 6. Bc4 e6 7. cxd4 d6 8. O-O Be7 9. Qe2 O-O 10. Nc3 Nxc3 11. bxc3 b6 12. Bd3 g6 13. Bh6 Re8 14. Rfd1 Bb7 15. Qe4 d5 16. Qg4 Rc8 17. Ng5 Na5 18. h4 Bf8 19. Bxf8 Rxf8 20. h5 f5 21. exf6 Qxf6 22. Nxe6 Rfe8 23. hxg6 Rxe6 24. gxh7+ Kh8 25. Bf5 Rce8 26. Bxe6 Qxe6 27. Qg5 Qe7 28. Qh5 Rf8 29. Re1 Qf7 30. Qe5+ Kxh7 31. Re3 Qxf2+ 32. Kh1 Qf4 33. Rh3+ Kg6 34. Rg3+ Kh7 35. Qg7# 1-0


[Site "https://www.chess.com"]

[Event "Titled Tuesday Blitz November 14 Early 2023"]
[White "parintele_chess"]
[Black "Smirnov, Timofey"]
[BlackFideId "24176427"]
[WhiteElo "2203"]
[BlackElo "2092"]
[Result "0-1"]
[Round "10"]
[TimeControl "180+1"]
[Date "2023.11.14"]
[WhiteClock "0:00:02"]
[BlackClock "0:00:01"]
[Board "144"]

1. d4 d5 2. Bf4 Bf5 3. e3 e6 4. c4 Nf6 5. Nc3 c6 6. Qb3 Qb6 7. c5 Qxb3 8. axb3 Be7 9. Nf3 a6 10. b4 O-O 11. b5 cxb5 12. Bxb5 Nc6 13. Bxc6 bxc6 14. Ne5 Rfc8 15. O-O Ng4 16. Nd7 Rd8 17. Nb6 Ra7 18. Rfd1 Nf6 19. b4 Ne4 20. Nxe4 Bxe4 21. f3 Bc2 22. Rd2 Bb3 23. Rb2 Bc4 24. Nxc4 dxc4 25. Rba2 Rda8 26. Rc1 a5 27. bxa5 Rxa5 28. Rxa5 Rxa5 29. Rxc4 g5 30. Bc7 Ra7 31. Bd6 Bd8 32. Rb4 Ba5 33. Ra4 Rb7 34. Rxa5 Rb1+ 35. Kf2 Rb2+ 36. Kg3 h5 37. Ra8+ Kg7 38. Be5+ f6 39. Ra7+ Kg6 40. Bd6 f5 41. f4 h4+ 42. Kh3 Kh5 43. g4+ fxg4# 0-1


[Site "https://www.chess.com"]

[Event "Titled Tuesday Blitz November 14 Early 2023"]
[White "Bazzano, Sebastian"]
[Black "Clawitter, Craig"]
[WhiteFideId "104566"]
[BlackFideId "2023105"]
[WhiteElo "2322"]
[BlackElo "2275"]
[Result "1/2-1/2"]
[Round "10"]
[TimeControl "180+1"]
[Date "2023.11.14"]
[WhiteClock "0:01:28"]
[BlackClock "0:01:44"]
[Board "145"]

1. d4 e6 2. Bf4 Nf6 3. e3 c5 4. c3 b6 5. Nd2 Bb7 6. Ngf3 Be7 7. h3 O-O 8. Bd3 cxd4 9. exd4 a6 10. O-O d6 11. Re1 Re8 12. Ng5 Nbd7 13. Nge4 Nxe4 14. Nxe4 Nf6 15. Nxf6+ Bxf6 16. Qh5 g6 17. Qg4 b5 18. Qg3 Bh4 19. Qg4 Bf6 20. Qg3 Bh4 21. Qg4 Bf6 1/2-1/2


[Site "https://www.chess.com"]

[Event "Titled Tuesday Blitz November 14 Early 2023"]
[White "Sanchez Alvares, Kelvin Antonio"]
[Black "Villafane Gomez, Jaime"]
[WhiteFideId "3906680"]
[BlackFideId "4426517"]
[WhiteElo "2592"]
[BlackElo "1737"]
[Result "1-0"]
[Round "10"]
[TimeControl "180+1"]
[Date "2023.11.14"]
[WhiteClock "0:01:22"]
[BlackClock "0:00:00"]
[Board "146"]

1. e4 e6 2. d4 d5 3. Nc3 Bb4 4. e5 c5 5. a3 Bxc3+ 6. bxc3 Ne7 7. Qg4 cxd4 8. Qxg7 Rg8 9. Qxh7 Qc7 10. Ne2 Nbc6 11. f4 dxc3 12. Qd3 Bd7 13. h4 O-O-O 14. h5 d4 15. h6 Rg6 16. h7 Rh8 17. g3 Nf5 18. Bg2 Rg7 19. Be4 Rgxh7 20. Rxh7 Rxh7 21. g4 Nxe5 22. fxe5 Qxe5 23. gxf5 exf5 24. Qc4+ Bc6 25. Bxc6 bxc6 26. Qxc6+ 1-0


[Site "https://www.chess.com"]

[Event "Titled Tuesday Blitz November 14 Early 2023"]
[White "Sadhwani, Raunak"]
[Black "Niemann, Hans Moke"]
[WhiteFideId "35093487"]
[BlackFideId "2093596"]
[WhiteElo "3053"]
[BlackElo "3051"]
[Result "0-1"]
[Round "11"]
[TimeControl "180+1"]
[Date "2023.11.14"]
[WhiteClock "0:00:00"]
[BlackClock "0:00:07"]
[Board "3"]

1. e4 c5 2. Nf3 Nc6 3. Bb5 g6 4. O-O Bg7 5. Re1 Nf6 6. c3 O-O 7. h3 e5 8. d4 cxd4 9. cxd4 Nxd4 10. Nxd4 Qb6 11. Bc4 Qxd4 12. Qxd4 exd4 13. Bf4 b6 14. e5 Nh5 15. Bh2 Bh6 16. Bd5 Ba6 17. Bxa8 Rxa8 18. a4 Rc8 19. Na3 d3 20. Red1 d2 21. Nb5 Rc2 22. b4 Nf4 23. Bxf4 Bxf4 24. Nd4 Rb2 25. b5 Bb7 26. Rdb1 Rxb1+ 27. Rxb1 Bxe5 28. Ne2 Bd6 29. Nc3 Be5 30. Ne2 Bd6 31. Nc3 Bc5 32. Rd1 Bb4 33. Nb1 Be4 34. Nxd2 Bc2 35. Ra1 d5 36. Ra2 Bd1 37. Ra1 Bc2 38. Ra2 Bd3 39. Nf3 f6 40. Ra1 Kf7 41. Rc1 Bc4 42. Nd4 Ba3 43. Rd1 Bc5 44. Nc6 Bb3 45. Ra1 d4 46. a5 bxa5 47. Nxa5 Bc2 48. Nb7 Bb6 49. Nd6+ Ke6 50. Nc4 Bc5 51. Kf1 Bd3+ 0-1


[Site "https://www.chess.com"]

[Event "Titled Tuesday Blitz November 14 Early 2023"]
[White "Beerdsen, Thomas"]
[Black "Andreikin, Dmitry"]
[WhiteFideId "1030108"]
[BlackFideId "4158814"]
[WhiteElo "2871"]
[BlackElo "3127"]
[Result "0-1"]
[Round "11"]
[TimeControl "180+1"]
[Date "2023.11.14"]
[WhiteClock "0:00:18"]
[BlackClock "0:00:38"]
[Board "4"]

1. e4 c5 2. Nf3 g6 3. d4 cxd4 4. Nxd4 Nf6 5. Nc3 d6 6. h3 Bg7 7. Bc4 O-O 8. O-O Nc6 9. Nf3 b6 10. Bg5 Bb7 11. Qe2 h6 12. Bh4 Nh5 13. Rad1 g5 14. Nxg5 hxg5 15. Qxh5 gxh4 16. f4 Rc8 17. Rd5 Ne5 18. fxe5 Rxc4 19. Rd2 Bxe4 20. Qxh4 Bd3 21. Rf4 Rxf4 22. Qxf4 Bxe5 23. Qg5+ Bg6 24. Nd5 e6 25. Ne7+ Kg7 26. Rf2 Bd4 27. Qh4 Bxf2+ 28. Kxf2 Re8 29. Nxg6 fxg6 0-1


[Site "https://www.chess.com"]

[Event "Titled Tuesday Blitz November 14 Early 2023"]
[White "Bortnyk, Olexandr"]
[Black "Kamsky, Gata"]
[WhiteFideId "14120828"]
[BlackFideId "2000024"]
[WhiteElo "3020"]
[BlackElo "2924"]
[Result "1/2-1/2"]
[Round "11"]
[TimeControl "180+1"]
[Date "2023.11.14"]
[WhiteClock "0:00:07"]
[BlackClock "0:00:13"]
[Board "5"]

1. d4 f5 2. Nf3 Nf6 3. g3 g6 4. c3 Bg7 5. Qb3 e6 6. h4 Nc6 7. Bg2 d6 8. Bg5 h6 9. Bxf6 Qxf6 10. Nbd2 e5 11. dxe5 dxe5 12. e4 f4 13. O-O-O Qf7 14. Qa3 Qe7 15. Qb3 Qf7 16. Qa3 Qe7 17. Qa4 O-O 18. Bf1 a6 19. Bc4+ Kh8 20. Bd5 Bd7 21. Qc2 a5 22. gxf4 Rxf4 23. Rdg1 Qf6 24. Rg3 Ne7 25. Bxb7 Rb8 26. Qd3 Be6 27. Qa6 Bxa2 28. Qa7 Rf8 29. Qxa5 Qb6 30. Qxa2 Qxb7 31. Qe6 c5 32. Nxe5 Rxf2 33. Nxg6+ Nxg6 34. Qxg6 Rxd2 35. Qxg7+ Qxg7 36. Rxg7 Rxb2 37. Kxb2 Kxg7 38. Kb3 Rf4 39. Kc4 Rxe4+ 40. Kxc5 Kf6 41. c4 Ke5 42. h5 Kf5 43. Kd6 Rxc4 44. Rf1+ Kg5 45. Ke5 Rc5+ 46. Ke4 Kxh5 47. Rh1+ Kg6 48. Ra1 h5 49. Kf4 Rc4+ 50. Kg3 Kg5 51. Ra5+ Kg6 52. Ra6+ Kg5 53. Ra5+ Kg6 54. Ra6+ Kg5 55. Ra5+ 1/2-1/2


[Site "https://www.chess.com"]